[Event "Titled Tuesday Blitz June 28 Early 2022"]
[White "Oparin, Grigoriy"]
[Black "Jones, Gawain C B"]
[WhiteFideId "24125890"]
[BlackFideId "409561"]
[WhiteElo "2639"]
[BlackElo "2657"]
[Result "1/2-1/2"]
[Round "07"]
[TimeControl "180+1"]
[Date "2022.06.28"]
[WhiteClock "0:00:14"]
[BlackClock "0:00:09"]

1. g3 d5 2. Nf3 g6 3. c4 dxc4 4. Na3 Nf6 5. Nxc4 Bg7 6. Bg2 O-O 7. d3 c5 8. Be3 Na6 9. O-O Be6 10. Rc1 Bd5 11. a3 Rc8 12. Re1 Ng4 13. Bf4 b5 14. Nce5 Nxe5 15. Bxe5 Bxe5 16. Nxe5 Bxg2 17. Kxg2 Qd4 18. Nf3 Qxb2 19. Rb1 Qc3 20. Rxb5 c4 21. Qa4 Nc7 22. Rc5 Ne6 23. Rxc4 Rxc4 24. dxc4 a5 25. Rb1 Nc5 26. Qc6 Qxa3 27. Rb5 Ne6 28. c5 Qa2 29. Qe4 Rc8 30. c6 a4 31. Ra5 a3 32. Ne5 Qb3 33. Nd3 Qc3 34. Ra6 a2 35. Rxa2 Qxc6 36. Qxc6 Rxc6 37. Ra7 Rc7 38. Ra8+ Kg7 39. h4 h5 40. Ne5 Rc5 41. Nf3 Rd5 42. Ra7 Kf6 43. Ng1 Rc5 44. e3 Rc7 45. Ra6 Kg7 46. Nh3 Nc5 47. Ra2 Ne6 48. Rb2 Rd7 49. Rb6 Rc7 50. Ra6 Rd7 51. Ng1 Rc7 52. Nf3 Rc5 53. Ra7 Rc7 54. Ra5 Rc5 55. Ra7 Rc7 56. Ra5 Rc5 57. Ra7 1/2-1/2


[Site "https://www.chess.com"]

[Event "Titled Tuesday Blitz June 28 Early 2022"]
[White "Orlov, Georgi"]
[Black "Goltsev, Dmitry"]
[WhiteFideId "2011271"]
[BlackFideId "24176710"]
[WhiteElo "2558"]
[BlackElo "2258"]
[Result "1-0"]
[Round "07"]
[TimeControl "180+1"]
[Date "2022.06.28"]
[WhiteClock "0:02:47"]
[BlackClock "0:02:43"]

1. d4 Nf6 2. Nf3 e6 3. c4 Bb4+ 4. Bd2 Qe7 5. Nc3 Nc6 6. Rc1 a5 7. a3 Bxc3 8. Bxc3 Ne4 9. d5 exd5 10. cxd5 Nxc3 11. Rxc3 Ne5 12. Nxe5 Qxe5 13. Re3 1-0


[Site "https://www.chess.com"]

[Event "Titled Tuesday Blitz June 28 Early 2022"]
[White "Ouellet, Maili-Jade"]
[Black "Piliczewski, Bogusz"]
[WhiteFideId "2620472"]
[BlackFideId "1104144"]
[WhiteElo "1899"]
[BlackElo "1896"]
[Result "1-0"]
[Round "07"]
[TimeControl "180+1"]
[Date "2022.06.28"]
[WhiteClock "0:00:03"]
[BlackClock "0:00:01"]

1. d4 d5 2. c4 c6 3. Nf3 Nf6 4. Nc3 e6 5. Bg5 Nbd7 6. e3 Qa5 7. Qc2 Ne4 8. cxd5 exd5 9. Bd3 f5 10. O-O Bd6 11. Bf4 Bxf4 12. exf4 O-O 13. Ne5 Qb6 14. Rad1 Ndf6 15. Kh1 Be6 16. Na4 Qxd4 17. f3 Nd6 18. g3 g5 19. Nc5 Bc8 20. Nb3 Qb4 21. fxg5 Nd7 22. Rfe1 Re8 23. f4 Nxe5 24. fxe5 Nf7 25. Bxf5 Rxe5 26. Bxh7+ Kh8 27. g6 Rxe1+ 28. Kg2 1-0


[Site "https://www.chess.com"]

[Event "Titled Tuesday Blitz June 28 Early 2022"]
[White "Pein, Jonathan"]
[Black "Matveeva, Olga"]
[WhiteFideId "417092"]
[BlackFideId "24107018"]
[WhiteElo "2140"]
[BlackElo "2052"]
[Result "1/2-1/2"]
[Round "07"]
[TimeControl "180+1"]
[Date "2022.06.28"]
[WhiteClock "0:00:11"]
[BlackClock "0:00:01"]

1. e4 e6 2. b3 d5 3. Bb2 Nf6 4. e5 Nfd7 5. Qg4 c5 6. f4 Nc6 7. Nf3 b6 8. Na3 a6 9. Ng5 Bb7 10. Nxe6 fxe6 11. Qxe6+ Qe7 12. Qxd5 Nf6 13. Qd3 Rd8 14. Qe3 Nd5 15. Qf2 g5 16. O-O-O gxf4 17. e6 Bg7 18. c3 O-O 19. Bd3 Ndb4 20. Bb1 Nd3+ 21. Bxd3 Rxd3 22. Nc4 b5 23. Na3 c4 24. Rhe1 cxb3 25. axb3 b4 26. Nb1 Na5 27. Kc2 Rfd8 28. Qb6 Nc6 29. g3 f3 30. Re3 Rxe3 31. Qxe3 Rf8 32. d4 f2 33. Rc1 f1=Q 34. Rxf1 Rxf1 35. Nd2 Rf8 36. d5 Ne5 37. c4 Ng4 38. Qe4 Nf2 39. Qe3 Bxb2 40. Kxb2 Qg7+ 41. Kc2 Qc3+ 42. Qxc3 bxc3 43. Kxc3 Rd8 44. Kd4 Kf8 45. Ke5 Ke7 46. Nf3 Ng4+ 47. Kf4 Nf6 48. Nd4 Nxd5+ 49. cxd5 Bxd5 50. Ke5 Bb7 51. Nf5+ Ke8 52. Nd6+ Ke7 53. Nxb7 Rb8 54. Nd6 Rxb3 55. Nf5+ Ke8 56. e7 Rb5+ 57. Ke6 Rb6+ 58. Ke5 a5 59. Kd5 a4 60. Kc5 Rf6 61. Ne3 Rf2 62. Kb4 Re2 63. Nd5 Rxh2 64. Kxa4 Rd2 65. Nf6+ Kxe7 66. Nxh7 Rd5 67. Kb4 Kf7 68. Kc4 Ra5 69. g4 Kg7 70. Ng5 Rxg5 71. Kd4 Rxg4+ 72. Ke3 Kf6 73. Kf3 Kf5 74. Ke3 Rf4 75. Ke2 1/2-1/2


[Site "https://www.chess.com"]

[Event "Titled Tuesday Blitz June 28 Early 2022"]
[White "Petrova, Irina"]
[Black "Sargsyan, Anna M."]
[WhiteFideId "14124122"]
[BlackFideId "13308130"]
[WhiteElo "1993"]
[BlackElo "2271"]
[Result "0-1"]
[Round "07"]
[TimeControl "180+1"]
[Date "2022.06.28"]
[WhiteClock "0:00:21"]
[BlackClock "0:00:59"]

1. e4 c6 2. d4 d5 3. e5 Bf5 4. h4 h5 5. c4 e6 6. Nc3 Ne7 7. Bg5 dxc4 8. Bxc4 Nd7 9. Nge2 c5 10. O-O a6 11. Ng3 Bg6 12. Rc1 cxd4 13. Qxd4 Nc6 14. Qe3 Qb6 15. Qe2 Ndxe5 16. Rfd1 Nxc4 17. Qxc4 Bb4 18. Nce4 O-O 19. a3 Be7 20. b4 Bxg5 21. Nxg5 Ne5 22. Qe2 Ng4 23. Rc5 Rfd8 24. Rf1 Rac8 25. N5e4 Rxc5 26. Nxc5 Qc6 27. Qb2 Qd5 28. Ne2 Qd6 29. Nc3 Qh2# 0-1


[Site "https://www.chess.com"]

[Event "Titled Tuesday Blitz June 28 Early 2022"]
[White "Piesik, Piotr"]
[Black "Libiszewski, Fabien"]
[WhiteFideId "1136194"]
[BlackFideId "616834"]
[WhiteElo "2247"]
[BlackElo "2440"]
[Result "1/2-1/2"]
[Round "07"]
[TimeControl "180+1"]
[Date "2022.06.28"]
[WhiteClock "0:01:55"]
[BlackClock "0:01:10"]

1. Nf3 Nf6 2. g3 g6 3. Bg2 Bg7 4. O-O O-O 5. d4 d5 6. c4 c6 7. Nc3 dxc4 8. a4 a5 9. e3 Na6 10. Qe2 Nb4 11. Qxc4 b6 12. Qb3 Ba6 13. Rd1 Qc7 14. Ne5 Nd7 15. Nxd7 Qxd7 16. Bd2 Rab8 17. Ne4 Nd5 18. Rdc1 Rfc8 19. Nc3 Nb4 20. Ne4 Nd5 21. Nc3 Nb4 22. Ne4 Nd5 1/2-1/2


[Site "https://www.chess.com"]

[Event "Titled Tuesday Blitz June 28 Early 2022"]
[White "Pinheiro, Iung Alicio de O."]
[Black "Dobre, Claudiu-Cristian"]
[WhiteFideId "2104350"]
[BlackFideId "1211854"]
[WhiteElo "2283"]
[BlackElo "2207"]
[Result "1-0"]
[Round "07"]
[TimeControl "180+1"]
[Date "2022.06.28"]
[WhiteClock "0:00:17"]
[BlackClock "0:00:03"]

1. e4 Nc6 2. Nf3 d6 3. h3 e5 4. Nc3 Be7 5. d4 exd4 6. Nxd4 Bf6 7. Bb5 Bd7 8. Be3 Nge7 9. Qd2 a6 10. Be2 O-O 11. O-O Ng6 12. Nb3 Re8 13. Bd3 Nce5 14. f4 Nxd3 15. cxd3 Bxc3 16. bxc3 f5 17. exf5 Bxf5 18. Nd4 Bd7 19. f5 Ne5 20. Bg5 Qc8 21. f6 gxf6 22. Bxf6 Ng6 23. Qh6 Re7 24. Bxe7 Nxe7 25. Rae1 Ng6 26. Rf7 Kxf7 27. Qxh7+ Kf8 28. Rf1+ Ke8 29. Qxg6+ Ke7 30. Qf6+ 1-0


[Site "https://www.chess.com"]

[Event "Titled Tuesday Blitz June 28 Early 2022"]
[White "Popilski, Gil"]
[Black "Lou, Yiping"]
[WhiteFideId "2809060"]
[BlackFideId "8603928"]
[WhiteElo "2537"]
[BlackElo "2412"]
[Result "1-0"]
[Round "07"]
[TimeControl "180+1"]
[Date "2022.06.28"]
[WhiteClock "0:00:21"]
[BlackClock "0:00:24"]

1. e4 c5 2. Nf3 e6 3. d4 cxd4 4. Nxd4 Nc6 5. Nc3 Qc7 6. Be3 a6 7. Bd3 Nf6 8. O-O Ne5 9. h3 b5 10. f4 Nxd3 11. cxd3 Bb7 12. Rc1 Qb8 13. Qf3 Be7 14. Qg3 O-O 15. e5 Nd5 16. Nxd5 Bxd5 17. f5 f6 18. fxe6 dxe6 19. Nc6 Bxc6 20. Rxc6 Qxe5 21. Qxe5 fxe5 22. Rxe6 Bf6 23. Kf2 Rfc8 24. Rd1 Rc2+ 25. Rd2 Rac8 26. Ke2 R2c6 27. Rxc6 Rxc6 28. Kd1 Kf7 29. Rc2 Rxc2 30. Kxc2 Ke6 31. Kb3 Be7 32. Bd2 Kd5 33. Bc3 g6 34. a4 Bc5 35. axb5 axb5 36. Kc2 e4 37. Kd2 Bd4 38. Bxd4 1-0


[Site "https://www.chess.com"]

[Event "Titled Tuesday Blitz June 28 Early 2022"]
[White "Pourkashiyan, Atousa"]
[Black "Vlassov, Nikolai"]
[WhiteFideId "12502014"]
[BlackFideId "4103360"]
[WhiteElo "2247"]
[BlackElo "2407"]
[Result "0-1"]
[Round "07"]
[TimeControl "180+1"]
[Date "2022.06.28"]
[WhiteClock "0:00:06"]
[BlackClock "0:00:05"]

1. e4 Nc6 2. Nf3 d5 3. exd5 Qxd5 4. Nc3 Qa5 5. d4 Bg4 6. Be2 O-O-O 7. Be3 Nf6 8. h3 Bxf3 9. Bxf3 Nxd4 10. Bxb7+ Kxb7 11. Bxd4 Kb8 12. Bxa7+ Kc8 13. Bd4 e5 14. O-O exd4 15. Ne2 Qe5 16. Qd3 Bd6 17. Ng3 Rhe8 18. Qa6+ Kd7 19. Rfe1 Qd5 20. Qa4+ Kc8 21. Red1 Bxg3 22. fxg3 Re3 23. Rd3 Rde8 24. Rxd4 R3e4 25. Rad1 Rxd4 26. Rxd4 Qb7 27. Rd2 Qxb2 28. Kh2 Qb7 29. g4 h6 30. Qc4 c6 31. Qc5 Qc7+ 32. g3 Re5 33. Qd4 Ne4 34. Re2 Qe7 35. Qc4 Kc7 36. Qa6 f6 37. Qa7+ Kd6 38. Qb8+ Ke6 39. Qc8+ Qd7 40. Qg8+ Qf7 41. Qc8+ Ke7 42. Re3 Qe6 43. Qh8 Kf7 44. Rd3 Rd5 45. Rb3 Rd2+ 46. Kg1 Nc5 0-1


[Site "https://www.chess.com"]

[Event "Titled Tuesday Blitz June 28 Early 2022"]
[White "Preotu, Razvan"]
[Black "Malyi, Viacheslav"]
[WhiteFideId "2613280"]
[BlackFideId "14123983"]
[WhiteElo "2407"]
[BlackElo "2270"]
[Result "1/2-1/2"]
[Round "07"]
[TimeControl "180+1"]
[Date "2022.06.28"]
[WhiteClock "0:00:01"]
[BlackClock "0:00:12"]

1. e4 e5 2. Nf3 Nc6 3. Bc4 Bc5 4. c3 Nf6 5. d3 d6 6. O-O a6 7. Re1 Ba7 8. a4 O-O 9. h3 Ne7 10. d4 Ng6 11. Bd3 Be6 12. Be3 Qd7 13. d5 Bxh3 14. gxh3 Qxh3 15. Nh2 Nf4 16. Bf1 Qh4 17. Bxa7 Rxa7 18. Qf3 g5 19. Qg3 Qh6 20. Ng4 Qg6 21. Nxf6+ Qxf6 22. Nd2 Kh8 23. Nc4 h5 24. Ne3 g4 25. Nf5 Rg8 26. a5 Rg5 27. Nh4 Ra8 28. Ra4 Rag8 29. Rb4 Nh3+ 30. Kg2 Nf4+ 31. Kh2 Ng6 32. Nxg6+ Qxg6 33. Qh4 g3+ 34. fxg3 Rxg3 35. Re2 Rg4 36. Qe1 Qg5 37. Bh3 Rg1 38. Qf2 Rg3 39. Rxb7 Qh4 40. Qf1 Rg1 41. Qf2 R8g3 42. Qf5 Rg8 43. Qf2 R8g3 44. Qf5 Rg8 45. Qf2 1/2-1/2


[Site "https://www.chess.com"]

[Event "Titled Tuesday Blitz June 28 Early 2022"]
[White "Prieto Aranguren, Alain"]
[Black "Marin Ramirez, Gerardo"]
[WhiteFideId "2268906"]
[BlackFideId "3901068"]
[WhiteElo "2224"]
[BlackElo "1920"]
[Result "1-0"]
[Round "07"]
[TimeControl "180+1"]
[Date "2022.06.28"]
[WhiteClock "0:00:30"]
[BlackClock "0:00:01"]

1. d4 d5 2. c3 c6 3. Bf4 Nf6 4. Qb3 Bf5 5. Qxb7 Qb6 6. Qxb6 axb6 7. Nd2 Nbd7 8. e3 e6 9. Ne2 Be7 10. Nc1 c5 11. Bb5 h6 12. O-O O-O 13. Nf3 Rfc8 14. a4 Nb8 15. Nd3 Nc6 16. Nde5 Na5 17. Rae1 cxd4 18. exd4 Nc4 19. Nxc4 dxc4 20. Ra1 Bd3 21. Rfe1 Nd5 22. Be5 Ra7 23. h3 f6 24. Bh2 Kf7 25. Red1 g5 26. Ne1 Bg6 27. Rd2 h5 28. Nc2 g4 29. hxg4 hxg4 30. Ne3 Nxe3 31. fxe3 Be4 32. Kf2 f5 33. Be5 Kg6 34. Rh1 Bg5 35. Rdd1 Bd5 36. Rh2 Rh7 37. Rdh1 Rxh2 38. Rxh2 Bh6 39. Rh1 Bg5 40. Ra1 Bd8 41. Rh1 Bg5 42. Bf4 Bxf4 43. exf4 Kg7 44. Kg3 Ra8 45. Rh2 Rc8 46. Rh1 Ra8 47. Rg1 Ra7 48. Kh4 Kg6 49. Kg3 Rh7 50. Ra1 Ra7 51. Kf2 Ra8 52. Ke3 Rh8 53. Rg1 Rh2 54. Kf2 Rh8 55. Kg3 Ra8 56. Rh1 Rc8 57. Rh2 Ra8 58. Kf2 Rc8 59. g3 Kg7 60. Ke2 Ra8 61. Kd2 Ra7 62. Kc1 Ra8 63. Kb1 Ra7 64. Ka2 Ra8 65. Ka3 Ra7 66. Kb4 Ra8 67. Rf2 Rc8 68. Rf1 Rc7 69. Ra1 Rc8 70. a5 bxa5+ 71. Rxa5 Rh8 72. Bxc4 Bxc4 73. Kxc4 Rh3 74. b4 Rxg3 75. b5 Rg1 76. b6 g3 77. b7 Rb1 78. Rb5 Rxb5 79. Kxb5 g2 80. b8=Q g1=Q 81. Qc7+ Kf6 82. Qd8+ Kf7 83. Qd7+ Kf6 84. Qe8 Qb1+ 85. Kc6 Qb3 86. Qh8+ Kg6 87. Qg8+ Kf6 88. Qf8+ Kg6 89. Kd6 1-0


[Site "https://www.chess.com"]

[Event "Titled Tuesday Blitz June 28 Early 2022"]
[White "Richter, Nils"]
[Black "Mikhalsky, Vladimir"]
[WhiteFideId "12990809"]
[BlackFideId "14144352"]
[WhiteElo "2311"]
[BlackElo "2301"]
[Result "1-0"]
[Round "07"]
[TimeControl "180+1"]
[Date "2022.06.28"]
[WhiteClock "0:00:52"]
[BlackClock "0:01:47"]

1. Nf3 c5 2. g3 d5 3. Bg2 f6 4. O-O e5 5. c4 d4 6. e3 Nc6 7. exd4 cxd4 8. d3 Be6 9. Re1 Qd7 10. Na3 Nge7 11. Nc2 Nf5 12. Bd2 a5 13. a3 a4 14. Nb4 Nxb4 15. axb4 Be7 16. b5 a3 17. Qb3 O-O 18. bxa3 Nd6 19. a4 e4 20. Nxd4 Nxc4 21. Nxe6 Nxd2 22. Nxf8+ Nxb3 23. Nxd7 Nxa1 24. Rxa1 exd3 25. Bxb7 Rd8 26. Bc6 d2 27. a5 Bc5 28. Nxc5 d1=Q+ 29. Rxd1 Rxd1+ 30. Kg2 Rc1 31. a6 Ra1 32. b6 1-0


[Site "https://www.chess.com"]

[Event "Titled Tuesday Blitz June 28 Early 2022"]
[White "Rios Escobar, Adan"]
[Black "Navarrete Mendez, Gonzalo Alberto"]
[WhiteFideId "3403645"]
[BlackFideId "5106850"]
[WhiteElo "2472"]
[BlackElo "2261"]
[Result "0-1"]
[Round "07"]
[TimeControl "180+1"]
[Date "2022.06.28"]
[WhiteClock "0:00:39"]
[BlackClock "0:02:04"]

1. d4 d5 2. Nf3 Nf6 3. g3 c5 4. Bg2 cxd4 5. O-O h6 6. b3 Nc6 7. Nxd4 e5 8. Nxc6 bxc6 9. c4 e4 10. cxd5 cxd5 11. e3 Be6 12. Nc3 h5 13. Bb2 h4 14. Re1 hxg3 15. hxg3 Qd7 16. Rc1 Bh3 17. Bh1 Bg4 18. Re2 Rxh1+ 19. Kxh1 Bf3+ 20. Kh2 Qg4 21. Qf1 Qh5+ 22. Qh3 Ng4+ 23. Kg1 Qxh3 24. Nxd5 Qg2# 0-1


[Site "https://www.chess.com"]

[Event "Titled Tuesday Blitz June 28 Early 2022"]
[White "Rosen, Eric"]
[Black "Kucuksari, Kaan"]
[WhiteFideId "2032562"]
[BlackFideId "6380166"]
[WhiteElo "2362"]
[BlackElo "2305"]
[Result "1-0"]
[Round "07"]
[TimeControl "180+1"]
[Date "2022.06.28"]
[WhiteClock "0:00:14"]
[BlackClock "0:00:06"]

1. d4 Nf6 2. Bf4 d5 3. e3 e6 4. Nf3 b6 5. c3 Bb7 6. Nbd2 Bd6 7. Ne5 Nfd7 8. Bd3 Nxe5 9. dxe5 Be7 10. h4 h5 11. Qf3 Nd7 12. Qg3 g6 13. O-O-O Nc5 14. Bc2 Qd7 15. f3 O-O-O 16. Kb1 Qb5 17. Nb3 Na4 18. Bd3 Qe8 19. Nd4 Kb8 20. Bb5 Nxc3+ 21. bxc3 c6 22. Bd3 a6 23. Nb3 c5 24. Bc2 a5 25. Bg5 a4 26. Nd2 Qb5+ 27. Ka1 Bxg5 28. hxg5 Qa5 29. Nb1 d4 30. exd4 cxd4 31. Rxd4 Rxd4 32. cxd4 Rc8 33. Qf2 a3 34. Be4 Rc4 35. Bxb7 Kxb7 36. Rd1 Rb4 37. Qe3 Qa4 38. Rc1 Rxd4 39. Qc3 Qd7 40. Nxa3 Rd3 41. Qb4 Rd4 42. Rc7+ Qxc7 43. Qxd4 Qc1+ 44. Nb1 h4 45. Qd7+ Ka6 46. Qa4+ Kb7 47. Qxh4 Qe3 48. Qe4+ Qxe4 49. fxe4 Kc6 50. Kb2 Kb5 51. Kb3 Kc5 52. Kc3 Kb5 53. Nd2 Ka4 54. Kb2 b5 55. a3 b4 56. axb4 Kxb4 57. Kc2 Kb5 58. Kb3 Kc5 59. Kc3 Kb5 60. Kd4 Kb4 61. Nf1 Kb3 62. Kd3 Kb2 63. Ne3 Kc1 64. g3 Kb2 65. Kd2 Kb3 66. Ng4 Kc4 67. Ke3 1-0


[Site "https://www.chess.com"]

[Event "Titled Tuesday Blitz June 28 Early 2022"]
[White "Royal, Shreyas"]
[Black "Saito, Vinicius"]
[WhiteFideId "448869"]
[BlackFideId "2113384"]
[WhiteElo "1986"]
[BlackElo "2168"]
[Result "0-1"]
[Round "07"]
[TimeControl "180+1"]
[Date "2022.06.28"]
[WhiteClock "0:02:35"]
[BlackClock "0:01:55"]

1. d4 Nf6 2. c4 g6 3. Nc3 Bg7 4. e4 d6 5. Nge2 O-O 6. Ng3 c5 7. d5 e6 8. Be2 exd5 9. cxd5 Na6 10. O-O Nc7 11. f4 Nd7 12. Re1 Bd4+ 13. Kh1 Qh4 14. Qd3 Nf6 15. Be3 Bxe3 16. Qxe3 Re8 17. Rad1 Bg4 18. Bxg4 Nxg4 19. Qg1 Rad8 20. Rd3 b5 21. Rf3 b4 22. Nd1 Nxd5 23. Nf1 Qxe1 24. exd5 Qxd1 0-1


[Site "https://www.chess.com"]

[Event "Titled Tuesday Blitz June 28 Early 2022"]
[White "Rustemov, Alexander"]
[Black "Seliverstov, Vladimir"]
[WhiteFideId "4119002"]
[BlackFideId "4192036"]
[WhiteElo "2739"]
[BlackElo "2489"]
[Result "1-0"]
[Round "07"]
[TimeControl "180+1"]
[Date "2022.06.28"]
[WhiteClock "0:00:13"]
[BlackClock "0:00:10"]

1. d4 g6 2. c4 Bg7 3. Nf3 d6 4. g3 Nc6 5. Bg2 e5 6. dxe5 Nxe5 7. Nxe5 Bxe5 8. O-O Ne7 9. Nc3 Bxc3 10. bxc3 O-O 11. Bh6 Re8 12. Bg5 Rb8 13. Qd4 c5 14. Qf6 Be6 15. e4 Nc6 16. Qf4 f6 17. Bxf6 Qc7 18. Qh4 Bxc4 19. Rfd1 Ne5 20. f4 Nf7 21. f5 Ne5 22. Rd2 Bf7 23. Rad1 d5 24. exd5 Qd6 25. fxg6 Bxg6 26. Re2 c4 27. Rde1 Nd3 28. Rxe8+ Rxe8 29. Rxe8+ Bxe8 30. Bd4 Bf7 31. Qg4+ Bg6 32. Qc8+ Qf8 33. Qxf8+ Kxf8 34. Bxa7 Ke7 35. Bb8 Kd7 36. a4 b6 37. h3 Nc5 38. Be5 Nxa4 39. Kf2 Nc5 40. Ke3 Nd3 41. Bd4 b5 42. g4 Kd6 43. Bg7 Bf7 44. Bf8+ Kd7 45. h4 Ne5 46. g5 Bh5 47. Be4 Bg6 48. Bc5 Nd3 49. Bd4 b4 50. cxb4 Nxb4 51. h5 Bxh5 52. Bc5 Na6 53. Bf5+ Kc7 54. Be7 Bg6 55. d6+ Kc6 56. d7 Bxf5 57. d8=Q Nc7 58. Qd6+ Kb7 59. Qb4+ Kc8 60. Qxc4 Be6 61. Qc6 Bd7 62. Qc5 Be6 63. Bd6 1-0


[Site "https://www.chess.com"]

[Event "Titled Tuesday Blitz June 28 Early 2022"]
[White "Rychagov, Andrey"]
[Black "Golubev, Mikhail"]
[WhiteFideId "4119932"]
[BlackFideId "14100983"]
[WhiteElo "2460"]
[BlackElo "2374"]
[Result "1-0"]
[Round "07"]
[TimeControl "180+1"]
[Date "2022.06.28"]
[WhiteClock "0:01:54"]
[BlackClock "0:00:16"]

1. d4 Nf6 2. c4 g6 3. Nc3 Bg7 4. e3 O-O 5. g3 d6 6. Bg2 Nbd7 7. Nge2 e5 8. O-O Re8 9. Qc2 c6 10. Rd1 exd4 11. exd4 Nf8 12. d5 Bf5 13. Qb3 c5 14. Qxb7 Rb8 15. Qa6 Ne4 16. Nxe4 Bxe4 17. Bxe4 Rxe4 18. Nc3 Bxc3 19. bxc3 Qf6 20. Qxa7 Re2 21. Bf4 Rbb2 22. Rf1 g5 23. Be3 Ng6 24. Rae1 Ne5 25. Rxe2 Rxe2 26. Qb8+ Kg7 27. Qb1 Nxc4 28. Qd3 1-0


[Site "https://www.chess.com"]

[Event "Titled Tuesday Blitz June 28 Early 2022"]
[White "Sadhwani, Raunak"]
[Black "Xiong, Jeffery"]
[WhiteFideId "35093487"]
[BlackFideId "2047640"]
[WhiteElo "2616"]
[BlackElo "2714"]
[Result "0-1"]
[Round "07"]
[TimeControl "180+1"]
[Date "2022.06.28"]
[WhiteClock "0:00:02"]
[BlackClock "0:00:01"]

1. e4 e5 2. Nf3 Nc6 3. Bb5 Nf6 4. O-O Nxe4 5. Re1 Nd6 6. a4 a6 7. Bf1 Be7 8. Nc3 O-O 9. d4 e4 10. Nxe4 Nxe4 11. Rxe4 d5 12. Re1 Bg4 13. c3 Bd6 14. h3 Bh5 15. a5 Qd7 16. Ne5 Nxe5 17. Qxh5 Ng6 18. g3 c6 19. h4 Rfe8 20. Bd2 Bc7 21. b4 Rxe1 22. Rxe1 Re8 23. Bd3 Rxe1+ 24. Bxe1 Nf8 25. Bd2 Qe7 26. Kg2 Bd6 27. Qf5 Qe6 28. Qf3 g6 29. h5 Nd7 30. h6 Nf6 31. Qd1 Bf8 32. Bf4 Bd6 33. Qf3 Kf8 34. Bxd6+ Qxd6 35. Qe3 Ng8 36. g4 Ne7 37. f4 f6 38. g5 Kf7 39. Bc2 Qe6 40. Qxe6+ Kxe6 41. Kf3 Nf5 42. Bd3 Nd6 43. Bf1 Ne4 44. Bd3 f5 45. Ke3 Nxc3 46. Kd2 Na2 47. Bb1 Nxb4 48. Kc3 c5 49. dxc5 Nc6 50. Bd3 Nxa5 51. Kb4 Nc6+ 52. Ka4 Nd4 53. Ka5 Kd7 54. Kb6 a5 55. Kxb7 a4 56. Bb1 Ne6 57. c6+ Kd6 58. Kb6 a3 59. Ba2 Nc7 60. Bb1 d4 61. Bxf5 a2 0-1


[Site "https://www.chess.com"]

[Event "Titled Tuesday Blitz June 28 Early 2022"]
[White "Sadubayev, Airat"]
[Black "Rosenberg, Evan S"]
[WhiteFideId "13713264"]
[BlackFideId "2019299"]
[WhiteElo "2230"]
[BlackElo "2164"]
[Result "0-1"]
[Round "07"]
[TimeControl "180+1"]
[Date "2022.06.28"]
[WhiteClock "0:00:01"]
[BlackClock "0:00:06"]

1. d4 Nf6 2. c4 e6 3. Nc3 Bb4 4. Nf3 d5 5. Bg5 h6 6. Bh4 dxc4 7. e3 b5 8. Qc2 a6 9. g3 Bb7 10. Bg2 g5 11. O-O gxh4 12. Nxh4 Bxg2 13. Nxg2 Nc6 14. Ne4 Nxe4 15. Qxe4 Qd5 16. Qf4 O-O-O 17. a3 Bd6 18. Qf6 Qf5 19. Qxf5 exf5 20. Rac1 Na5 21. Nh4 f4 22. gxf4 Rhg8+ 23. Kh1 Nb3 24. Rc3 Nd2 25. Rd1 Ne4 26. Rc2 c5 27. d5 c3 28. f3 Nd2 29. Rxc3 Nc4 30. Rb1 Rde8 31. Ng2 Rxg2 32. Kxg2 Nxe3+ 33. Kf2 Nxd5 34. Rd3 Bxf4 35. Rxd5 Be3+ 36. Kg3 Rg8+ 37. Kh3 Bd4 38. b4 Kc7 39. bxc5 Bc3 40. Rbd1 Kc6 41. Rf5 f6 42. Rd6+ Kc7 43. Rxa6 Rg1 44. Rd5 Rf1 45. Kg2 Re1 46. Rh5 Be5 47. Rxh6 Re2+ 48. Kh1 Re1+ 49. Kg2 Re2+ 50. Kf1 Rc2 51. Ra7+ Kb8 52. Rf7 Rxc5 53. Rh8+ Rc8 54. Rxc8+ Kxc8 55. h4 Kd8 56. h5 Ke8 57. Rb7 Kf8 58. Rxb5 Kg7 0-1


[Site "https://www.chess.com"]

[Event "Titled Tuesday Blitz June 28 Early 2022"]
[White "Sadykov, Ramil"]
[Black "Fernandez Siles, Luis"]
[WhiteFideId "24113590"]
[BlackFideId "2209420"]
[WhiteElo "2226"]
[BlackElo "2211"]
[Result "0-1"]
[Round "07"]
[TimeControl "180+1"]
[Date "2022.06.28"]
[WhiteClock "0:00:01"]
[BlackClock "0:00:36"]

1. e4 c5 2. Nf3 Nc6 3. d4 cxd4 4. Nxd4 Nf6 5. Nc3 e5 6. Ndb5 d6 7. Bg5 a6 8. Na3 b5 9. Bxf6 gxf6 10. Nd5 f5 11. Bxb5 axb5 12. Nxb5 Ra4 13. Nbc7+ Kd7 14. O-O Rg8 15. Qh5 Qg5 16. Qxf7+ Be7 17. Qxf5+ Qxf5 18. exf5 Bd8 19. Nb5 Ba6 20. Ndc3 Rb4 21. a4 Rxb2 22. Rfd1 Nd4 23. Nxd4 exd4 24. Ne4 Bb7 25. Rxd4 Bxe4 26. Rxe4 Rxc2 27. g4 Ba5 28. Rd1 h5 29. h3 Bb6 30. Rf1 d5 31. Rf4 Rc4 32. Rxc4 dxc4 33. Rc1 hxg4 34. Kg2 gxh3+ 35. Kxh3 Rc8 36. Kg4 c3 37. Rc2 Ke7 38. Kg5 Kf7 39. f3 Ba5 40. Kf4 Re8 41. f6 Kxf6 42. Kg4 Rd8 0-1


[Site "https://www.chess.com"]

[Event "Titled Tuesday Blitz June 28 Early 2022"]
[White "Samsonkin, Artiom"]
[Black "Aldokhin, Ivan"]
[WhiteFideId "13503111"]
[BlackFideId "24115720"]
[WhiteElo "2513"]
[BlackElo "2231"]
[Result "1-0"]
[Round "07"]
[TimeControl "180+1"]
[Date "2022.06.28"]
[WhiteClock "0:00:07"]
[BlackClock "0:00:01"]

1. d4 Nf6 2. Bf4 g6 3. Nc3 Bg7 4. e4 d6 5. Qd2 c6 6. h4 b5 7. a3 Nbd7 8. e5 Nh5 9. exd6 Nxf4 10. Qxf4 O-O 11. h5 e5 12. dxe5 Bxe5 13. Qd2 Nf6 14. hxg6 fxg6 15. Rd1 Bg4 16. Be2 Qb6 17. Bxg4 Nxg4 18. Nf3 Bg3 19. O-O Rad8 20. Ne4 Bf4 21. Qe2 Rfe8 22. d7 Re7 23. Nf6+ Kf7 24. Ne4 Nf6 25. Neg5+ Kf8 26. Ne6+ Kg8 27. Rfe1 Rdxd7 28. Rxd7 Nxd7 29. Qe4 Bd6 30. Qh4 Nc5 31. Nfg5 Nxe6 32. Rxe6 Qc7 33. Qe4 Rxe6 34. Qxe6+ Kg7 35. Ne4 Be5 36. c3 h6 37. g3 Kh7 38. Kg2 Bg7 39. Nd6 1-0


[Site "https://www.chess.com"]

[Event "Titled Tuesday Blitz June 28 Early 2022"]
[White "Sarkar, Justin"]
[Black "Golubovskis, Maksims"]
[WhiteFideId "2010011"]
[BlackFideId "11608528"]
[WhiteElo "2020"]
[BlackElo "2102"]
[Result "0-1"]
[Round "07"]
[TimeControl "180+1"]
[Date "2022.06.28"]
[WhiteClock "0:00:01"]
[BlackClock "0:00:17"]

1. e4 c5 2. Nf3 Nf6 3. e5 Nd5 4. Nc3 Nxc3 5. dxc3 Nc6 6. Bf4 Qb6 7. b3 Qc7 8. Qd2 e6 9. Be2 h6 10. h4 b6 11. h5 Bb7 12. Rh3 O-O-O 13. O-O-O Be7 14. Kb2 Kb8 15. g4 a6 16. g5 hxg5 17. Bxg5 d5 18. Bxe7 Qxe7 19. h6 gxh6 20. Rxh6 d4 21. Rxh8 dxc3+ 22. Qxc3 Rxh8 23. Rd6 Ka7 24. Qd2 Rd8 25. Ng5 f6 26. Nxe6 Qxe6 27. Rxe6 Rxd2 28. exf6 Nd8 29. Re7 Rd6 30. f7 Rf6 31. Rd7 Nxf7 32. Bc4 Nd6 33. Bd5 Kb8 34. Bxb7 Nxb7 0-1


[Site "https://www.chess.com"]

[Event "Titled Tuesday Blitz June 28 Early 2022"]
[White "Shimanov, Aleksandr"]
[Black "Bortnyk, Olexandr"]
[WhiteFideId "4198603"]
[BlackFideId "14120828"]
[WhiteElo "2605"]
[BlackElo "2723"]
[Result "0-1"]
[Round "07"]
[TimeControl "180+1"]
[Date "2022.06.28"]
[WhiteClock "0:00:07"]
[BlackClock "0:00:09"]

1. b3 e5 2. Bb2 Nc6 3. c4 Nf6 4. Nf3 e4 5. Nd4 d5 6. Nxc6 bxc6 7. e3 Bd6 8. Be2 O-O 9. O-O Qe7 10. d3 Bf5 11. dxe4 dxe4 12. Qc2 Rfe8 13. Nd2 Rad8 14. Rfd1 Ng4 15. Nf1 Qh4 16. Bxg4 Bxg4 17. Rd2 Qg5 18. Kh1 h5 19. Qc3 h4 20. h3 Bh5 21. Re1 Be5 22. Rxd8 Bxc3 23. Rxe8+ Kh7 24. Bxc3 Bf3 25. gxf3 exf3 26. Ng3 hxg3 27. Rg1 gxf2 28. Rxg5 f1=Q+ 29. Kh2 f6 30. Rg1 Qe2+ 31. Kh1 f2 0-1


[Site "https://www.chess.com"]